cohdb
Replays
Latest Replays
All Replays
Popular Replays
Top Player Replays
Match Explorer
How It Works
Community
CoH3 Stats
Reddit
Sign in to upload your games and track your stats! →
Sign in with Steam
Match 44516272
Unlisted
Match 44516272
Overview
Messages
Build Orders
End
Panzergrenadier Squad
Selects Panzerjäger Kommand Battlegroup
Selects Blockade Equipment
250 Light Carrier
Panzergrenadier Squad
Construct Light Support Kompanie
Fire Support Elements
MG34 Team
Selects GrB 39 Grenade Launcher Requisition
Combat Half-tracks
le.IG 18 Mechanized Group
Panzerjäger Squad
Construct Panzerarmee Kommand
Selects Crew Shock Tactics
Selects Defensive Positions
2.5-tonne Medical Truck
AI Takeover
-]TLC[- ExyQ.HEADHUNTER
karchard1993
ALO
DrewP
Dillbro
Truax
0
0
Comments
sign in to comment!
No comments posted yet!